 Dungeon Crawl Stone Soup version 0.27.0-1-g7a089689b8 (webtiles) character file.

Game seed: 12761876773193884373

29025 SnakkuSnakku7 the Sharpshooter (level 13, -9/80 HPs)
             Began as a Kobold Delver on Aug 4, 2021.
             Was a Follower of Ru.
             Mangled by a cane toad (21 damage)
             ... on level 6 of the Lair of Beasts.
             The game lasted 00:30:29 (25629 turns).

SnakkuSnakku7 the Sharpshooter (Kobold Delver)     Turns: 25629, Time: 00:30:30

Health: -9/80      AC:  9    Str: 13    XL:     13   Next: 77%
Magic:  13/13      EV: 21    Int: 18    God:    Ru [*.....]
Gold:   900        SH:  0    Dex: 22    Spells: 12/12 levels left

rFire    . . .     SeeInvis .   a - +5 triple crossbow of a treasure trove {elec, Int+6 Dex+5}
rCold    . . .     Faith    .   (shield currently unavailable)
rNeg     . . .     Spirit   .   H - +0 acid dragon scales
rPois    .         Reflect  .   C - +0 helmet
rElec    .         Harm     .   (no cloak)
rCorr    +         Rampage  .   y - +1 pair of gloves
Will     .....                  (no boots)
Stlth    ++++......             (no amulet)
HPRegen  0.23/turn              (no ring)
MPRegen  0.13/turn              (no ring)

@: no status effects
A: small, no large weapons, nightstalker 3, disrupted magic 1, missing an eye
a: Renounce Religion


You were on level 6 of the Lair of Beasts.
You worshipped Ru.
Ru was aware of your devotion.
You visited 3 branches of the dungeon, and saw 18 of its levels.

You collected 1006 gold pieces.
You spent 106 gold pieces at shops.

Inventory:

Hand Weapons
 a - the +5 triple crossbow of a treasure trove (weapon) {elec, Int+6 Dex+5}
   (You took it off an orc on level 5 of the Dungeon)

   Any ammunition fired from it occasionally discharges a powerful burst of
   electricity upon striking a foe.
   Int:       It affects your intelligence (+6).
   Dex:       It affects your dexterity (+5).
 b - a +3 short sword of venom
Missiles
 o - 37 bolts (quivered ammo)
 B - 2 throwing nets
Armour
 n - a +0 scale mail
 q - a +0 leather armour
 y - a +1 pair of gloves (worn)
 C - a +0 helmet (worn)
 H - +0 acid dragon scales (worn)
Jewellery
 h - a +6 ring of strength
 D - a +6 ring of intelligence
Wands
 g - a wand of digging (5)
 i - a wand of polymorph (6)
 r - a wand of iceblast (10)
 z - a wand of flame (63)
 P - a wand of mindburst (11)
Scrolls
 c - 2 scrolls of fog
 d - 5 scrolls of magic mapping
 j - 5 scrolls of enchant armour
 t - a scroll of enchant weapon
 w - a scroll of summoning {unknown}
 x - a scroll of brand weapon {unknown}
 E - a scroll of vulnerability
 F - a scroll of identify
 K - a scroll of immolation {unknown}
 M - a scroll of holy word
 N - a scroll of blinking {unknown}
Potions
 f - 2 potions of haste
 k - a potion of degeneration {unknown}
 l - 4 potions of flight
 m - a potion of curing
 p - 2 potions of attraction
 s - 2 potions of mutation
 v - a potion of ambrosia {unknown}
 A - 2 potions of lignification
 G - 3 potions of brilliance
 I - 2 potions of berserk rage
 J - 2 potions of might
 L - a potion of magic
 O - a potion of cancellation


   Skills:
 - Level 9.4 Fighting
 - Level 3.5 Maces & Flails
 - Level 20.0 Crossbows
 - Level 10.0 Dodging
 - Level 6.6 Stealth
 + Level 5.9 Evocations


You had 12 spell levels left.
You didn't know any spells.
Your spell library contained the following spells:

 Spells                   Type           Power      Damage    Failure   Level
 Magic Dart               Conj           0%         1d3       41%         1
 Call Imp                 Summ           0%         N/A       52%         2
 Corpse Rot               Necr/Air       N/A        N/A       52%         2
 Poisonous Vapours        Pois/Air       0%         N/A       52%         2
 Call Canine Familiar     Summ           0%         N/A       75%         3
 Gell's Gravitas          Tloc           0%         N/A       75%         3
 Ignite Poison            Fire/Tmut/Pois 0%         N/A       75%         3
 Lesser Beckoning         Tloc           0%         N/A       75%         3
 Mephitic Cloud           Conj/Pois/Air  0%         N/A       75%         3
 Portal Projectile        Hex/Tloc       0%         N/A       75%         3
 Teleport Other           Tloc           0%         N/A       75%         3
 Leda's Liquefaction      Hex/Erth       0%         N/A       98%         4
 Olgreb's Toxic Radiance  Pois           0%         N/A       98%         4
 Bolt of Magma            Conj/Fire/Erth 0%         4d4       100%        5
 Freezing Cloud           Conj/Ice/Air   0%         6-21      100%        5
 Conjure Ball Lightning   Conj/Air       0%         3x3d6     100%        6
 Ozocubu's Refrigeration  Ice            0%         4d5       100%        7
 Discord                  Hex            0%         N/A       100%        8
 Disjunction              Tloc           0%         N/A       100%        8
 Ignition                 Fire           0%         3d3       100%        8


Dungeon Overview and Level Annotations

Branches:
Dungeon (11/15)            Temple (1/1) D:5            Lair (5/6) D:8
 Shoals (0/4) Lair:4       Spider (0/4) Lair:3          Orc (0/2) D:9
  Slime: Lair:5-6

Altars:
Ashenzari
Cheibriados
Dithmenos
Elyvilon
Fedhas
Gozag
Hepliaklqana
Kikubaaqudgha
Makhleb
Nemelex Xobeh
Okawaru
Qazlal
Ru
Sif Muna
Trog
Uskayaw
Vehumet
Wu Jian
Xom
Yredelemnul
Zin
The Shining One

Shops:
D:5 [(:[

Portals:
Trove: D:10 (give +5 fire dragon scales)

Annotations:
D:7 1 runed translucent door, 2 transporters, RepHenryClay's ghost, novice TrGl
D:10 exclusion: door, Snorg
Lair:1 exclusion: oklob plant
Lair:5 1 runed translucent door, Ypehuijo's ghost, journeyman OpFi


Innate Abilities, Weirdness & Mutations

You are small and have problems with some larger weapons.
You are completely attuned to the shadows.
Your casting is slightly disrupted.
You are missing an eye, making it more difficult to aim.


Message History

Press: ? - help, Q - select action, (/) - cycle Shift-Dir - straight line, f/p - water moccasin
Aim: a water moccasin (lightly wounded, 55% to hit)
You shoot a bolt. The bolt hits the water moccasin!!
Lightning courses through the water moccasin!
You kill the water moccasin!
Fire: 40 bolts
Press: ? - help, Q - select action, (/) - cycle Shift-Dir - straight line, f - wolf
Aim: a wolf (55% to hit)
You shoot a bolt. The bolt hits the wolf!!
You kill the wolf!
You hear a howl!
Aiming: Paralyse
Press: ? - help, Shift-Dir - straight line, f - cane toad
Aim: a cane toad (chance to affect: 63%)
The cane toad resists with significant effort.
Unknown command.
Aiming: Paralyse
Press: ? - help, Shift-Dir - straight line, f/p - cane toad
Aim: a cane toad (chance to affect: 63%)
The cane toad resists with significant effort.
The now-empty wand crumbles to dust.
The cane toad completely misses you.
Unknown command.
Okay, then.
Fire: 39 bolts
Press: ? - help, Q - select action, (/) - cycle Shift-Dir - straight line, f/p - cane toad
Aim: a cane toad (67% to hit)
You shoot a bolt. The bolt hits the cane toad!
Lightning courses through the cane toad!
The cane toad is severely wounded.
The cane toad closely misses you. x2
Fire: 38 bolts
Press: ? - help, Q - select action, (/) - cycle Shift-Dir - straight line, f/p - cane toad
Aim: a cane toad (severely wounded, 67% to hit)
You shoot a bolt. The bolt closely misses the cane toad.
The bolt misses the wolf.
The wolf howls!
The bolt hits the wolf!
The wolf is severely wounded.
The cane toad misses you. The cane toad stings you!!
You die...

### #@##
##F##
##h##
##h######
##(#.....
##......
##......
#.......
###.#..


You could see a cane toad and 2 wolves.

Vanquished Creatures
  6 hydras
  A boulder beetle (Lair:5)
  2 death yaks
  2 two-headed ogres
  Pikel (D:6)
  2 elephants
  8 cane toads
  Maggie (D:6)
  A black mamba (Lair:3)
  A kobold demonologist (D:11)
  5 komodo dragons
  Psyche (D:9)
  2 rime drakes
  2 polar bears (Lair:5)
  4 jumping spiders (Lair:3)
  Grinder (D:6)
  3 blink frogs (Lair:3)
  4 dream sheep (Lair:4)
  Sigmund (D:2)
  36 yaks
  A human (D:9)
  3 basilisks
  A wyvern (D:10)
  A steam dragon (D:8)
  A warg (D:9)
  12 water moccasins
  7 orc warriors
  2 ice beasts (D:6)
  A sky beast (D:5)
  3 black bears
  4 wolves
  3 ogres (D:5)
  3 centaurs
  2 lemures (D:6)
  A phantom (D:5)
  14 bullfrogs
  2 scorpions
  A water moccasin zombie (D:9)
  10 wights
  An electric eel (D:9)
  3 centaur zombies
  A gnoll shaman (D:6)
  3 jellies
  11 orc priests
  A bullfrog skeleton (D:6)
  3 centaur skeletons
  2 hounds
  8 orc wizards
  2 iguanas (D:4)
  2 hound skeletons (D:5)
  Robin (D:4)
  A howler monkey zombie (D:8)
  7 adders
  7 gnolls
  A shadow imp (D:7)
  2 ufetubi
  An adder skeleton (D:4)
  A worm (D:3)
  A dart slug (D:3)
  38 orcs
  3 ball pythons
  5 endoplasms
  4 giant cockroaches
  15 goblins
  4 hobgoblins (D:4)
  8 jackals
  3 quokkas
  4 bats
  3 frilled lizards
  3 kobolds
  4 rats
309 creatures vanquished.

Vanquished Creatures (others)
  41 fungi
  83 plants
  2 withered plants (Lair:5)
126 creatures vanquished.

Grand Total: 435 creatures vanquished

Notes
Turn   | Place    | Note
-------+----------+-------------------------------------------
     0 | D:5      | SnakkuSnakku7 the Kobold Delver began the quest for the
                  | Orb.
     0 | D:5      | Reached XP level 1. HP: 14/14 MP: 1/1
    35 | D:5      | Reached XP level 2. HP: 12/19 MP: 2/2
   390 | D:4      | Noticed a scorpion
   462 | D:3      | Reached XP level 3. HP: 23/23 MP: 3/3
  1312 | D:1      | Found a faded altar of an unknown god.
  1395 | D:1      | Reached XP level 4. HP: 28/28 MP: 4/4
  2268 | D:2      | Noticed Sigmund
  2276 | D:2      | Killed Sigmund
  2277 | D:2      | Reached skill level 5 in Fighting
  2277 | D:2      | Reached XP level 5. HP: 29/36 MP: 5/5
  2277 | D:2      | Reached XP level 6. HP: 33/41 MP: 6/6
  2985 | D:2      | You fall into a shaft and drop 2 floors!
  4201 | D:4      | Reached XP level 7. HP: 48/48 MP: 7/7
  4279 | D:4      | Noticed Robin
  4295 | D:4      | Killed Robin
  5319 | D:5      | Found a staircase to the Ecumenical Temple.
  5334 | Temple   | Entered the Ecumenical Temple
  5409 | Temple   | Became a worshipper of Ru the Awakened
  5675 | D:5      | Reached XP level 8. HP: 37/56 MP: 8/8
  5841 | D:5      | Found Nootuo's Armour Emporium.
  5999 | D:5      | Identified the +5 triple crossbow of a treasure trove
                  | {elec, Int+6 Dex+5}
  6000 | D:5      | Found Vopsiyf's Book Boutique.
  6123 | D:5      | Reached skill level 1 in Crossbows
  6169 | D:5      | Reached skill level 2 in Crossbows
  6341 | D:5      | Found Qiqy's Antique Armour Emporium.
  6451 | D:5      | Reached skill level 3 in Crossbows
  6452 | D:5      | You fall into a shaft and drop 3 floors!
  6672 | D:8      | Reached skill level 4 in Crossbows
  6961 | D:7      | Found a hazy altar of Hepliaklqana.
  6964 | D:7      | Noticed a slime creature
  6964 | D:7      | Noticed a cyclops
  6990 | D:7      | Reached skill level 5 in Crossbows
  7334 | D:5      | Reached skill level 6 in Crossbows
  7472 | D:5      | Found Nerewk's Weapon Shop.
  7519 | D:5      | Bought 13 bolts for 36 gold pieces
  7519 | D:5      | Bought 25 bolts for 70 gold pieces
  7792 | D:6      | Reached XP level 9. HP: 61/61 MP: 9/9
  7839 | D:6      | Noticed Maggie
  7890 | D:6      | Reached skill level 7 in Crossbows
  7906 | D:6      | Noticed Grinder
  7912 | D:6      | Paralysed by Grinder for 7 turns
  7923 | D:6      | Paralysed by Grinder for 5 turns
  7931 | D:6      | Killed Grinder
  7932 | D:6      | Reached skill level 8 in Crossbows
  8288 | D:6      | Identified the +0 robe of Ru's Esteem {rC- rCorr Int+7}
  8361 | D:5      | HP: 2/58 [wight (16)]
  9010 | D:6      | Noticed Pikel
  9013 | D:6      | Killed Pikel
  9014 | D:6      | Reached skill level 10 in Crossbows
  9589 | D:6      | Killed Maggie
  9590 | D:6      | Reached skill level 11 in Crossbows
  9590 | D:6      | Reached XP level 10. HP: 62/66 MP: 10/10
  9789 | D:7      | Found a runed translucent door.
  9793 | D:7      | Found a shimmering altar of Xom.
  9793 | D:7      | Noticed RepHenryClay's ghost (novice TrGl)
  9794 | D:7      | Noticed a +0 spear of chaos
 10017 | D:7      | Found a transporter.
 10026 | D:7      | Found a transporter.
 10678 | D:8      | Reached skill level 12 in Crossbows
 11051 | D:8      | Found a staircase to the Lair.
 11604 | D:9      | Reached skill level 13 in Crossbows
 11604 | D:9      | Noticed Psyche
 12035 | D:9      | Noticed a two-headed ogre
 12539 | D:9      | Reached skill level 14 in Crossbows
 12611 | D:9      | Found a staircase to the Orcish Mines.
 12896 | D:9      | Killed a two-headed ogre
 12897 | D:9      | Reached XP level 11. HP: 71/71 MP: 11/11
 12919 | D:9      | Killed Psyche
 12920 | D:9      | Reached skill level 15 in Crossbows
 13343 | D:10     | Entered Level 10 of the Dungeon
 13408 | D:10     | Found a portal to a secret trove of treasure.
 13448 | D:10     | Noticed a manticore
 13641 | D:10     | Noticed Snorg
 13815 | D:10     | Reached skill level 16 in Crossbows
 14171 | D:11     | Noticed a two-headed ogre
 14176 | D:11     | Killed a two-headed ogre
 14619 | D:11     | Noticed a cyan ugly thing
 14959 | Lair:1   | Entered Level 1 of the Lair of Beasts
 14996 | Lair:1   | Noticed a seven-headed hydra
 15787 | Lair:1   | Reached skill level 5 in Dodging
 16067 | Lair:1   | Reached XP level 12. HP: 76/76 MP: 12/12
 16407 | Lair:1   | Killed a seven-headed hydra
 17321 | Lair:2   | Noticed a seven-headed hydra
 17331 | Lair:2   | Killed a seven-headed hydra
 17516 | Lair:1   | Reached skill level 10 in Dodging
 18077 | Lair:2   | Gained mutation: Your casting is slightly disrupted. [Ru
                  | sacrifice]
 18852 | Lair:3   | Reached skill level 17 in Crossbows
 20332 | Lair:3   | Reached skill level 18 in Crossbows
 20352 | Lair:3   | Found a hole to the Spider Nest.
 20575 | Lair:3   | Noticed an eight-headed hydra
 20585 | Lair:3   | HP: 3/76 [blink frog (14)]
 20586 | Lair:3   | Killed an eight-headed hydra
 20586 | Lair:3   | HP: 1/76 [blink frog (2)]
 20587 | Lair:3   | Reached XP level 13. HP: 2/80 MP: 13/13
 21798 | Lair:3   | Reached skill level 19 in Crossbows
 22706 | Lair:4   | Noticed a six-headed hydra
 22716 | Lair:4   | Killed a six-headed hydra
 22743 | Lair:4   | Found a staircase to the Shoals.
 23095 | Lair:5   | Identified the +8 trident of Wu Jian's Scorn {pain, Will+
                  | Str+4}
 23536 | Lair:5   | Found a runed translucent door.
 23537 | Lair:5   | Noticed Ypehuijo's ghost (journeyman OpFi)
 23605 | Lair:5   | Noticed a boulder beetle
 23638 | Lair:4   | Gained mutation: You are missing an eye, making it more
                  | difficult to aim. [Ru sacrifice]
 23638 | Lair:4   | Reached * piety under Ru
 23743 | Lair:4   | HP: 3/80 [dream sheep (7)]
 23905 | Lair:4   | Reached skill level 20 in Crossbows
 23907 | Lair:4   | Reached skill level 1 in Evocations
 24095 | Lair:5   | Noticed a four-headed hydra
 24455 | Lair:5   | Killed a four-headed hydra
 24751 | Lair:5   | Noticed a four-headed hydra
 24756 | Lair:5   | Killed a four-headed hydra
 25397 | Lair:5   | Reached skill level 5 in Evocations
 25531 | Lair:5   | Killed a boulder beetle
 25540 | Lair:5   | You fall into a shaft and drop 1 floor!
 25540 | Lair:6   | Entered Level 6 of the Lair of Beasts
 25541 | Lair:6   | Noticed an eight-headed hydra
 25565 | Lair:6   | HP: 2/80 [wolf (8)]
 25629 | Lair:6   | Mangled by a cane toad

Illustrated notes

Levels and vault maps discovered:
D:1:      sevenhm_arrival_forest_fort_small_5, layout_loops_ring,
          shapermc_ecumenical_altar_mp_urbaneastern
D:2:      layout_basic, fountainhead, chequers_serial_rivers_marsh,
          kennysheep_path_1, uniq_sigmund
D:3:      layout_loops_ring, kennysheep_boxes
D:4:      layout_basic, kennysheep_opposing_triangles, uniq_robin
D:5:      layout_loops_ring, minmay_temple_entry_metal_lava, serial_shops,
          shop_statue, shop, kennysheep_little_box, nicolae_stop_n_shop_2
D:6:      layout_loops_cross, uniq_maggie, uniq_pikel, uniq_grinder
D:7:      layout_cave_pools, gammafunk_temple_overflow_arena, ebering_ghost_xom,
          serial_bayou_pond_d, hangedman_decor_lopped
D:8:      layout_rooms, lair_entry_dummy
D:9:      layout_rooms, erik_orc_4, minmay_misc_feat_rows, fountainhead,
          minmay_holes, feat_on_display, uniq_psyche
D:10:     layout_roguey [special_room_orc], nicolae_trove_entry_crystal,
          uniq_snorg
D:11:     layout_loops_cross, kennysheep_generic_room_8
Temple:   nicolae_temple_the_god_donut
Lair:1:   layout_roguey, patterned_corridor, infiniplex_staircase_pool_2,
          minmay_lair_oklob_chamber, grunt_megastairs_5
Lair:2:   layout_roguey, grunt_megastairs_3
Lair:3:   layout_loops_ring, spider_nest_entry_funnel_web, beast_lair_carwin_11
Lair:4:   layout_big_grid, elwin_shoals_entry_rocks
Lair:5:   layout_loops_ring, gammafunk_ghost_grave, grunt_megastairs_4
Lair:6:   minmay_lair_end_frog_pond, layout_concentric_octagons, slime_dummy

Skill      XL: |  1  2  3  4  5  6  7  8  9 10 11 12 13 |
---------------+----------------------------------------+-----
Maces & Flails | 2 3 |  3.5
Fighting       | 5 7 9 |  9.4
Crossbows      | 6 11 14 16 18 20 | 20.0
Dodging        | 6 10 | 10.0
Evocations     | 5 |  5.9
Stealth        | |  6.6

Action                   |  1- 3 |  4- 6 |  7- 9 | 10-12 | 13-15 || total
-------------------------+-------+-------+-------+-------+-------++-------
Melee: Mace              |    89 |       |       |       |       ||    89
       Short sword       |     1 |    69 |   247 |   278 |   118 ||   713
       Triple crossbow   |       |       |       |     1 |       ||     1
 Fire: Triple crossbow   |       |       |    24 |   234 |   102 ||   360
Throw: Throwing net      |       |       |       |     1 |     2 ||     3
Invok: Reject Sacrifices |       |       |     1 |       |       ||     1
       Sacrifice Essence |       |       |       |     1 |       ||     1
       Sacrifice an Eye  |       |       |       |       |     1 ||     1
Evoke: Wand              |       |       |       |     3 |    17 ||    20
  Use: Scroll            |       |       |       |    19 |     4 ||    23
       Potion            |       |       |       |     1 |     3 ||     4
 Stab: Sleeping          |     9 |    16 |    11 |    10 |     3 ||    49
       Distracted        |       |       |     3 |     4 |       ||     7
Armor: Leather armour    |    10 |       |       |       |       ||    10
       Scale mail        |    21 |    19 |   121 |       |       ||   161
       Acid dragon scale |       |       |       |   128 |    53 ||   181
Dodge: Dodged            |    80 |    38 |   163 |   460 |   242 ||   983
